 Dungeon Crawl Stone Soup version 0.28.0-43-g3370ac3207 (webtiles) character file.

Game seed: 3022463056024713505

1427 Zeld the Thaumaturge (level 8, -3/41 HPs)
             Began as a Deep Elf Fire Elementalist on Mar 9, 2022.
             Slain by a water moccasin zombie (7 damage)
             ... in an ossuary on Mar 10, 2022.
             The game lasted 00:08:30 (7157 turns).

Zeld the Thaumaturge (Deep Elf Fire Elementalist)   Turns: 7157, Time: 00:08:31

Health: -3/41      AC:  3    Str:  5    XL:     8   Next: 44%
Magic:  1/22       EV: 13    Int: 23    God:
Gold:   254        SH:  5    Dex: 15    Spells: 16/23 levels left

rFire   . . .      SeeInvis .   (no weapon)
rCold   . . .      Faith    .   (no shield)
rNeg    . . .      Spirit   .   a - +0 robe
rPois   .          Reflect  +   k - +0 helmet
rElec   .          Harm     .   (no cloak)
rCorr   .          Rampage  .   (no gloves)
Will    .....                   (no boots)
Stlth   +++.......              y - amulet of reflection
HPRegen 0.13/turn               f - ring of wizardry
MPRegen 0.18/turn               (no ring)

@: no status effects
A: no striking features
a: no special abilities


You were in an ossuary.
You visited 2 branches of the dungeon, and saw 7 of its levels.
You also visited: Ossuary.

You collected 254 gold pieces.

Inventory:

Armour
 a - a +0 robe (worn)
 k - a +0 helmet (worn)
Jewellery
 f - a ring of wizardry (left hand)
 r - a ring of willpower
 y - an amulet of reflection (around neck)
Wands
 m - a wand of iceblast (10)
 p - a wand of polymorph (13)
 v - a wand of paralysis (14)
 z - a wand of flame (13)
Scrolls
 b - a scroll of noise {unknown}
 c - 2 scrolls of identify {unknown}
 g - a scroll of magic mapping {unknown}
 u - a scroll of vulnerability {unknown}
 x - a scroll of enchant weapon {unknown}
Potions
 d - a potion of might {unknown}
 e - 2 potions of mutation {unknown}
 h - a potion of attraction {unknown}
 i - a potion of flight {unknown}
 j - 2 potions of invisibility {unknown}
 l - a potion of berserk rage {unknown}
 n - a potion of heal wounds {unknown}
 o - 3 potions of haste {unknown}
 q - a potion of magic {unknown}
 s - 3 potions of curing {unknown}
 t - 2 potions of lignification {unknown}
Miscellaneous
 w - a piece from Xom's chessboard (15/15)


   Skills:
 - Level 4.0 Dodging
 + Level 5.8 Stealth
 * Level 8.2 Spellcasting
 + Level 4.4 Conjurations
 * Level 7.2 Fire Magic


You had 16 spell levels left.
You knew the following spells:

 Your Spells              Type           Power      Damage    Failure   Level
a - Foxfire               Conj/Fire      100%       2x1d9     1%          1
b - Scorch                Fire           84%        2d9       1%          2
c - Flame Wave            Conj/Fire      36%        2d9       2%          4

Your spell library contained the following spells:

 Spells                   Type           Power      Damage    Failure   Level
 Magic Dart               Conj           100%       1d8       1%          1
 Searing Ray              Conj           58%        2d6       1%          2
 Conjure Flame            Conj/Fire      36%        6-21      1%          3
 Inner Flame              Hex/Fire       26%        N/A       1%          3
 Corpse Rot               Necr/Air       18%        N/A       4%          2
 Ensorcelled Hibernation  Hex/Ice        18%        N/A       4%          2
 Passwall                 Tmut/Erth      7%         N/A       4%          2
 Poisonous Vapours        Pois/Air       18%        N/A       4%          2
 Ozocubu's Armour         Ice            9%         N/A       9%          3
 Swiftness                Air            9%         N/A       9%          3
 Fulminant Prism          Conj/Hex       9%         3d7       11%         4
 Metabolic Englaciation   Hex/Ice        4%         N/A       56%         5
 Simulacrum               Ice/Necr       4%         N/A       98%         6


Dungeon Overview and Level Annotations

Branches:
Dungeon (6/15)             Temple (1/1) D:4         Ossuary (1/1)

Altars:
Dithmenos
Elyvilon
Fedhas
Gozag
Hepliaklqana
Makhleb
Nemelex Xobeh
Okawaru
Qazlal
Ru
Sif Muna
Wu Jian
Zin
The Shining One

Annotations:
D:4 2 transporters, unlimited1921's ghost, amateur DsFE


Message History

Casting: Scorch (safe; 1% risk of failure)
Confirm with . or Enter, or press ? or * to list all spells.
You don't have enough magic to cast this spell.
Unknown command.
Casting: Scorch (safe; 1% risk of failure)
Confirm with . or Enter, or press ? or * to list all spells.
You don't have enough magic to cast this spell.
Unknown command.
That's the wrong kind of item! (Use * to select it.) Evoke which item? (* to show all) (? for menu, Esc to quit)
Okay, then.
Aiming: Throw Flame
Press: ? - help, Shift-Dir - straight line, f - water moccasin zombie
Aim: a water moccasin zombie (heavily damaged, more vulnerable to fire, 68% to hit)
The puff of flame hits the water moccasin zombie!
The water moccasin zombie is burned terribly!
The water moccasin zombie is severely damaged.
The water moccasin zombie completely misses you.
The water moccasin zombie closely misses you.
The water moccasin zombie bites you.
Aiming: Throw Flame
Press: ? - help, Shift-Dir - straight line, f/p - water moccasin zombie
Aim: a water moccasin zombie (severely damaged, more vulnerable to fire, 68% to hit)
The puff of flame misses the water moccasin zombie.
The water moccasin zombie is no longer more vulnerable to fire.
The water moccasin zombie closely misses you.
The water moccasin zombie bites you.
* * * LOW HITPOINT WARNING * * *
Aiming: Throw Flame
Press: ? - help, Shift-Dir - straight line, f/p - water moccasin zombie
Aim: a water moccasin zombie (severely damaged, 68% to hit)
The puff of flame hits the water moccasin zombie.
The water moccasin zombie is almost destroyed.
The water moccasin zombie bites you.
* * * LOW HITPOINT WARNING * * *
The water moccasin zombie bites you but does no damage.
The water moccasin zombie bites you.
* * * LOW HITPOINT WARNING * * *
The water moccasin zombie bites you!
You die...

###################
#∩..'...#....'...#.
#...#...#....#...'.
#...#...'....#...#.
##@################
#ZZ.# #. #...# #.
#...# #. #...# #.
##'## ## #...# #.
#...# #. #...# #.


You could see 2 water moccasin zombies.

Vanquished Creatures
  Menkaure (D:4)
  2 sky beasts
  A phantom (D:4)
  3 scorpions
  3 water moccasin zombies (Ossuary)
  A water moccasin skeleton (D:6)
  A bullfrog zombie (D:4)
  2 centaur zombies
  An orc priest (D:4)
  Jessica (D:2)
  A bullfrog skeleton (D:6)
  A centaur skeleton (D:5)
  Ijyb (D:3)
  4 iguanas
  3 orc wizards (D:3)
  2 hound skeletons (D:4)
  A howler monkey zombie (D:6)
  9 adders
  4 adder zombies (Ossuary)
  2 adder skeletons
  2 worms
  2 dart slugs
  17 orcs
  6 ball pythons
  7 bats
  7 endoplasms
  3 giant cockroaches
  2 gnoll zombies (Ossuary)
  8 goblins
  5 hobgoblins
  7 jackals (D:1)
  5 kobolds
  3 quokkas
  2 frilled lizards
  3 hobgoblin zombies (Ossuary)
  4 kobold zombies (Ossuary)
  3 orc zombies (Ossuary)
  5 rats (D:1)
135 creatures vanquished.

Vanquished Creatures (others)
  462 foxfires
462 creatures vanquished.

Grand Total: 597 creatures vanquished

Notes
Turn   | Place    | Note
-------+----------+-------------------------------------------
     0 | D:1      | Zeld the Deep Elf Fire Elementalist began the quest for the
                  | Orb.
     0 | D:1      | Reached XP level 1. HP: 10/10 MP: 6/6
     7 | D:1      | Noticed an electric eel
   165 | D:1      | Found a faded altar of an unknown god.
   197 | D:1      | Reached XP level 2. HP: 8/15 MP: 4/8
   325 | D:1      | Learned a level 2 spell: Scorch
   894 | D:1      | Reached XP level 3. HP: 19/19 MP: 3/10
  1647 | D:2      | Reached skill level 4 in Spellcasting
  1959 | D:2      | Noticed Jessica
  1967 | D:2      | Killed Jessica
  1968 | D:2      | Reached XP level 4. HP: 24/24 MP: 6/12
  2021 | D:2      | Learned a level 4 spell: Flame Wave
  2485 | D:3      | Noticed Ijyb
  2491 | D:3      | Killed Ijyb
  2598 | D:3      | Reached XP level 5. HP: 28/28 MP: 8/13
  2712 | D:3      | Reached skill level 5 in Spellcasting
  3267 | D:3      | Reached XP level 6. HP: 32/32 MP: 9/15
  3729 | D:4      | Noticed Menkaure
  3745 | D:4      | Killed Menkaure
  3746 | D:4      | Reached skill level 5 in Fire Magic
  3897 | D:4      | Found a staircase to the Ecumenical Temple.
  3906 | Temple   | Entered the Ecumenical Temple
  4113 | D:4      | Reached skill level 6 in Spellcasting
  4116 | D:4      | Reached XP level 7. HP: 28/36 MP: 5/18
  4385 | D:4      | Found a transporter.
  4392 | D:4      | Noticed unlimited1921's ghost (amateur DsFE)
  4892 | D:4      | Found a transporter.
  4988 | D:4      | Found a burning altar of Makhleb.
  5044 | D:4      | Found an ornate altar of the Wu Jian Council.
  5076 | D:5      | Entered Level 5 of the Dungeon
  5115 | D:5      | Found an iron altar of Okawaru.
  5442 | D:5      | Found a glowing silver altar of Zin.
  5442 | D:5      | Found an opulent altar of Gozag.
  5475 | D:5      | Reached skill level 5 in Stealth
  5475 | D:5      | Reached skill level 7 in Spellcasting
  6339 | D:5      | Reached XP level 8. HP: 30/41 MP: 14/21
  6606 | D:6      | Found a sand-covered staircase.
  6612 | Ossuary  | Entered an ossuary
  6800 | Ossuary  | Reached skill level 8 in Spellcasting
  7157 | Ossuary  | Slain by a water moccasin zombie

Illustrated notes

Levels and vault maps discovered:
D:1:      arrival_aquarium_a, layout_basic, ebering_ecumenical_altar_hall
D:2:      layout_loops_ring, uniq_jessica
D:3:      layout_rooms, uniq_ijyb
D:4:      layout_loops_ring, nicolae_wu_jian_immortal_techniques,
          kennysheep_mini_moat, temple_statues, gammafunk_ghost_stat_death,
          corexii_corridor_pit, uniq_menkaure
D:5:      layout_loops_corners, grunt_temple_overflow_gold_and_silver,
          mainiacjoe_overflow_cross_hatched
D:6:      kennysheep_big_flooded_room, layout_basic, kennysheep_little_box,
          nicolae_ossuary_entry_plus, serial_bayou_ford_a,
          hellmonk_bongcloud_opening
Temple:   compressed_dpeg_triangle_lava_temple
Ossuary:  ossuary_tomb_2

Skill      XL: |  1  2  3  4  5  6  7  8 |
---------------+-------------------------+-----
Stealth        | 3 4 5 |  5.8
Spellcasting   | 4 5 6 7 8 |  8.2
Fire Magic     | 4 5 6 7 |  7.2
Conjurations   | 2 3 4 |  4.4
Dodging        | 3 4 |  4.0

Action                   |  1- 3 |  4- 6 |  7- 9 || total
-------------------------+-------+-------+-------++-------
Melee: Unarmed           |     2 |       |     2 ||     4
 Cast: Foxfire           |   101 |   110 |    96 ||   307
       Scorch            |     2 |    25 |    68 ||    95
Evoke: Wand              |       |       |     9 ||     9
Armor: Robe              |     1 |     5 |    13 ||    19
Dodge: Dodged            |    19 |    13 |    42 ||    74
Block: Other             |       |       |     5 ||     5
